 Dungeon Crawl Stone Soup version 0.19.5 (webtiles) character file.

92 Reinor the Digger (level 4, 0/30 HPs)
             Began as a Demonspawn Earth Elementalist on Apr 28, 2017.
             Slain by an orc priest (1 damage)
             ... on level 2 of the Dungeon.
             The game lasted 00:08:14 (2782 turns).

Reinor the Digger (Demonspawn Earth Elementalist)   Turns: 2782, Time: 00:08:15

Health: 0/30       AC:  3    Str:  8    XL:     4   Next: 35%
Magic:  5/8        EV: 13    Int: 18    God:
Gold:   107        SH:  0    Dex: 13    Spells: 3 memorised, 1 level left

rFire  . . .     SeeInvis .     v - +0 dagger
rCold  . . .     Gourm    .     c - +0 robe
rNeg   . . .     Faith    .     (no shield)
rPois  .         Spirit   .     (helmet restricted)
rElec  .         Reflect  .     (no cloak)
rCorr  .         Harm     .     (no gloves)
MR     .....                    r - +0 pair of boots
Stlth  ++........               (no amulet)
                                (no ring)
                                (no ring)

@: confused
A: antennae 1, nightstalker 1
a: no special abilities


You were on level 2 of the Dungeon.
You were not hungry.

You visited 1 branch of the dungeon, and saw 3 of its levels.

You collected 107 gold pieces.

Inventory:

Hand Weapons
 v - a +0 dagger (weapon)
Missiles
 b - 37 stones (quivered)
Armour
 c - a +0 robe (worn)
 r - a +0 pair of boots (worn)
Scrolls
 f - 2 scrolls of immolation {unknown}
 g - a scroll of magic mapping {unknown}
 h - a scroll of enchant weapon
 j - a scroll of remove curse {unknown}
 m - a scroll of identify {unknown}
 n - a scroll of fog {unknown}
 o - a scroll of enchant armour {unknown}
 t - a scroll of noise {unknown}
Potions
 i - a potion of agility
 k - 2 potions of curing {unknown}
 l - a potion of might {unknown}
 p - a potion of heal wounds {unknown}
 q - a potion of resistance {unknown}
Books
 e - a book of Geomancy

   Spells                             Type                      Level
   a - Sandblast                      Earth                        1
   b - Passwall                       Transmutation/Earth          2
   c - Stone Arrow                    Conjuration/Earth            3
   d - Petrify                        Transmutation/Earth          4
   e - Lee's Rapid Deconstruction     Earth                        5
Comestibles
 a - 2 meat rations
 d - 2 bread rations
 s - a beef jerky


   Skills:
 - Level 0.2 Fighting
 + Level 2.4 Dodging
 + Level 2.0 Stealth
 + Level 2.8 Spellcasting
 + Level 1.0 Transmutations
 + Level 3.6 Earth Magic


You had one spell level left.
You knew the following spells:

 Your Spells              Type           Power        Failure   Level  Hunger
a - Sandblast             Erth           ###...       4%          1    None
b - Passwall              Tmut/Erth      ##........   12%         2    ##.....
c - Petrify               Tmut/Erth      ##......     67%         4    ####...


Dungeon Overview and Level Annotations

Branches:
Dungeon (3/15)

Altars:


Innate Abilities, Weirdness & Mutations

You have a pair of small antennae on your head.
You are slightly more attuned to the shadows.


Message History

You are more confused.
The orc priest hits you but does no damage.
You're too confused to cast spells.
You're too confused!
Unknown command.
The orc priest casts a cantrip, but nothing happens.
You climb upwards.
There is a stone staircase leading down here.
Unknown command.
You hit the orc.
The orc is heavily wounded.
The orc hits you with a dagger.
* * * LOW HITPOINT WARNING * * *
The orc priest looks braver for a moment.
You closely miss the orc.
The orc is heavily wounded.
The orc hits you but does no damage. The orc priest misses you.
You barely miss the orc priest. The orc closely misses you.
The orc priest hits you.
You die...

###########.....#################
.................................
###########...#.#################
.#.....# #......................
.#.###.# #..##.#########........
.#.# #.# #.)...........#...#####
.#.###.# ##.###{#####.##...#
.#...#.# #.#.#o#......#...#
.###.#.#####.#.#@#.#....#...# .#
#.#.#.......#o#.#....#...# .#
#.#.#.###.#.#.#.#.#..#...# ### .#
#.#.#.#...#.#.#......#...# #.. .#
#.#.#.#.###.#.###.#.##...###.#
.###.#.#.#.....#.....#.##...#...#
.......#.#############.##...#)###
####.#...............#.##.....#
#.#.#.###########.#.##..####


You could see an orc priest and an orc.

Vanquished Creatures
  3 gnolls (D:2)
  3 adders (D:2)
  2 worms (D:2)
  A dart slug (D:1)
  A leopard gecko (D:1)
  3 goblins (D:1)
  3 hobgoblins
  5 kobolds
  A quokka (D:2)
  A ball python (D:1)
  2 bats (D:1)
  2 frilled lizards (D:2)
  5 rats
32 creatures vanquished.

Notes
Turn   | Place    | Note
-------+----------+-------------------------------------------
     0 | D:1      | Reinor the Demonspawn Earth Elementalist began the quest for the Orb.
     0 | D:1      | Reached XP level 1. HP: 13/13 MP: 3/3
   451 | D:1      | Gained mutation: You have a pair of small antennae on your head. [demonic ancestry]
   451 | D:1      | Reached XP level 2. HP: 19/19 MP: 1/5
   762 | D:1      | Reached skill level 3 in Earth Magic
  1606 | D:2      | Learned a level 2 spell: Passwall
  1799 | D:2      | Reached XP level 3. HP: 24/24 MP: 2/6
  2092 | D:2      | Found a faded altar of an unknown god.
  2093 | D:2      | Gained mutation: You are slightly more attuned to the shadows. [demonic ancestry]
  2093 | D:2      | Reached XP level 4. HP: 30/30 MP: 6/8
  2468 | D:2      | Reached skill level 1 in Transmutations
  2526 | D:2      | Learned a level 4 spell: Petrify
  2780 | D:2      | HP: 1/30 [orc/dagger (1)]
  2782 | D:2      | Slain by an orc priest

Skill      XL: |  1  2  3  4 |
---------------+-------------+-----
Stealth        | 2 |  2.0
Earth Magic    | 3 |  3.6
Dodging        | 2 |  2.4
Transmutations | 1 |  1.0
Fighting       | |  0.2
Spellcasting   | |  2.8

Action                   |  1- 3 |  4- 6 || total
-------------------------+-------+-------++-------
Melee: Unarmed           |    20 |       ||    20
       Whip              |    44 |       ||    44
       Dagger            |       |     3 ||     3
 Cast: Sandblast         |    46 |    17 ||    63
  Use: Scroll            |     2 |       ||     2
 Stab: Sleeping          |     2 |       ||     2
  Eat: Chunk             |     4 |     2 ||     6
Armor: Robe              |    15 |     3 ||    18
Dodge: Dodged            |    61 |     6 ||    67
